 Dungeon Crawl Stone Soup version 0.23.0 (webtiles) character file.

Game seed: 4711842554737105881

1628 Dantiko the Destroyer (level 8, -8/61 HPs)
             Began as a Demigod Conjurer on Feb 11, 2019.
             Mangled by a troll (12 damage)
             ... on level 6 of the Dungeon.
             The game lasted 00:19:51 (6202 turns).

Dantiko the Destroyer (Demigod Conjurer)            Turns: 6202, Time: 00:19:52

Health: -8/61      AC:  6    Str: 14 (15) XL:     8   Next: 38%
Magic:  2/14       EV: 13    Int: 20 (23) God:
Gold:   287        SH:  0    Dex: 16      Spells: 5/11 levels left

rFire    . . .     SeeInvis .   k - +0 dagger (elec)
rCold    . . .     Gourm    .   (no shield)
rNeg     . . .     Faith    .   s - +2 robe {MR+}
rPois    .         Spirit   .   (no helmet)
rElec    .         Reflect  .   (no cloak)
rCorr    .         Harm     .   g - +0 pair of gloves (curse)
MR       +....                  d - +0 pair of boots
Stlth    ++........             (no amulet)
HPRegen  0.20/turn              m - +4 ring of strength
MPRegen  0.14/turn              w - +1 ring of evasion

@: no status effects
A: high mp 1
a: no special abilities


You were on level 6 of the Dungeon.
You were not hungry.

You visited 2 branches of the dungeon, and saw 7 of its levels.

You collected 287 gold pieces.

Inventory:

Hand Weapons
 k - a +0 dagger of electrocution (weapon)
Armour
 d - a +0 pair of boots (worn)
 g - a cursed +0 pair of gloves (worn)
 s - a +2 robe of magic resistance (worn)
Jewellery
 m - a +4 ring of strength (left hand)
 w - a +1 ring of evasion (right hand)
Scrolls
 b - a scroll of enchant armour {unknown}
 e - 3 scrolls of noise
 f - 3 scrolls of teleportation
 j - 2 scrolls of fog {unknown}
 q - a scroll of random uselessness {unknown}
 r - 2 scrolls of remove curse
 t - a scroll of enchant weapon {unknown}
Potions
 a - a potion of flight {unknown}
 h - 2 potions of degeneration
 i - a potion of lignification
 l - 2 potions of might
 n - a potion of agility {unknown}
 o - 3 potions of curing
 u - a potion of berserk rage {unknown}
 v - 2 potions of resistance {unknown}
Comestibles
 c - 7 rations


   Skills:
 - Level 2.0 Fighting
 - Level 1.7 Dodging
 - Level 1.7 Stealth
 - Level 2.0 Spellcasting
 + Level 8.4 Conjurations
 - Level 6.0 Hexes


You had 5 spell levels left.
You knew the following spells:

 Your Spells              Type           Power        Failure   Level  Hunger
a - Magic Dart            Conj           ####         1%          1    #......
b - Searing Ray           Conj           #####.       1%          2    ##.....
c - Confuse               Hex            ####....     4%          3    ###....

Your spell library contained the following spells:

 Spells                   Type           Power        Failure   Level  Hunger
 Confusing Touch          Hex            ####..       1%          1    #......
 Corona                   Hex            ####...      1%          1    #......
 Dazzling Spray           Conj/Hex       ####..       2%          3    ###....
 Tukima's Dance           Hex            ####....     4%          3    ###....
 Iskenderun's Mystic Bla  Conj           #####...     4%          4    #####..
 Ensorcelled Hibernation  Hex/Ice        ##....       7%          2    ##.....
 Fulminant Prism          Conj/Hex       ####......   9%          4    #####..
 Animate Skeleton         Necr           N/A          16%         1    #......
 Apportation              Tloc           #.....       16%         1    #......
 Summon Small Mammal      Summ           #...         16%         1    #......
 Force Lance              Conj/Tloc      ###.....     28%         4    #####..


Dungeon Overview and Level Annotations

Branches:
Dungeon (6/15)             Temple (1/1) D:4


Innate Abilities, Weirdness & Mutations

You have an increased reservoir of magic. (+10% MP)


Message History

The troll barely misses you.
You hit the troll.
The troll is almost dead.
The orc barely misses you. The troll completely misses you.
The troll claws you! The troll barely misses you.
You hit the troll.
The troll is almost dead.
The orc completely misses you.
You hit the troll but do no damage.
The troll is almost dead.
The orc hits you but does no damage.
The troll seems less confused.
The troll bites you. The troll claws you. The troll claws you!
* * * LOW HITPOINT WARNING * * *
You hit the troll but do no damage.
The troll is almost dead.
The orc closely misses you. The troll closely misses you. The troll claws you!
* * * LOW HITPOINT WARNING * * *
The troll claws you!
You die...

#### . ..# ### T
#.###.## .
##.##.#.## ### .
#........###.#### .
#..##.#........T# .
#..##...##....@.#
.##..########..o#.#
.....#
##.##.############
###.##
#.##.........##.##
#.#
#.##########.#.#.##
#.# #'# #..###.##
... ... #.## ##.#
#+# ... ###.###.##
... ##.##.#.##


You could see a troll and an orc.

Vanquished Creatures
  Pikel (D:5)
  A water moccasin (D:5)
  An ice beast (D:6)
  A sky beast (D:4)
  An ogre (D:5)
  A centaur (D:6)
  A bullfrog (D:6)
  3 wights (D:6)
  2 hounds (D:6)
  A centaur skeleton (D:4)
  A jelly (D:5)
  An iguana (D:5)
  5 orc wizards
  3 worker ants
  A howler monkey skeleton (D:4)
  8 adders
  4 gnolls (D:6)
  2 oozes
  2 adder skeletons
  A worm (D:2)
  A dart slug (D:1)
  A leopard gecko (D:4)
  16 orcs
  2 ball pythons
  9 giant cockroaches
  3 hobgoblins
  10 jackals
  7 kobolds
  A quokka (D:5)
  7 bats
  7 goblins
  A leopard gecko skeleton (D:6)
  5 rats
111 creatures vanquished.

Notes
Turn   | Place    | Note
-------+----------+-------------------------------------------
     0 | D:1      | Dantiko the Demigod Conjurer began the quest for the Orb.
     0 | D:1      | Reached XP level 1. HP: 14/14 MP: 5/5
   220 | D:1      | Reached skill level 4 in Conjurations
   220 | D:1      | Reached XP level 2. HP: 20/20 MP: 0/7
   227 | D:1      | Learned a level 2 spell: Searing Ray
   632 | D:2      | Reached XP level 3. HP: 26/26 MP: 5/8
   821 | D:2      | Found a sacrificial altar of Ru.
   987 | D:2      | Reached skill level 5 in Conjurations
  1389 | D:2      | Found a faded altar of an unknown god.
  1569 | D:3      | Learned a level 3 spell: Confuse
  1574 | D:3      | Reached XP level 4. HP: 33/33 MP: 4/9
  2294 | D:4      | Found a staircase to the Ecumenical Temple.
  2317 | Temple   | Entered the Ecumenical Temple
  2706 | D:4      | Reached skill level 6 in Conjurations
  2706 | D:4      | Reached XP level 5. HP: 19/38 MP: 2/10
  3217 | D:5      | Entered Level 5 of the Dungeon
  3233 | D:5      | Reached skill level 1 in Hexes
  3241 | D:5      | Noticed a sky beast
  3322 | D:4      | Killed a sky beast
  3322 | D:4      | Reached XP level 6. HP: 2/45 MP: 6/11
  4069 | D:5      | Noticed a water moccasin
  4074 | D:5      | Killed a water moccasin
  4074 | D:5      | Reached XP level 7. HP: 40/50 MP: 7/13
  4232 | D:5      | Noticed Pikel
  4237 | D:5      | Found a sacrificial altar of Ru.
  4288 | D:5      | Killed Pikel
  4288 | D:5      | Reached skill level 7 in Conjurations
  4288 | D:5      | Reached skill level 5 in Hexes
  4958 | D:6      | Reached XP level 8. HP: 57/57 MP: 10/14
  5452 | D:6      | Reached skill level 1 in Fighting
  5453 | D:6      | Reached skill level 8 in Conjurations
  5978 | D:6      | Noticed a troll
  6202 | D:6      | Mangled by a troll

Skill      XL: |  1  2  3  4  5  6  7  8 |
---------------+-------------------------+-----
Spellcasting   | 2 |  2.0
Conjurations   | 4 5 6 7 8 |  8.4
Hexes          | 2 4 6 |  6.0
Fighting       | 2 |  2.0
Dodging        | |  1.7
Stealth        | |  1.7

Action                   |  1- 3 |  4- 6 |  7- 9 || total
-------------------------+-------+-------+-------++-------
Melee: Club              |     2 |       |       ||     2
       Whip              |     2 |       |       ||     2
       Dagger            |     3 |    30 |    54 ||    87
 Cast: Magic Dart        |    65 |    66 |    48 ||   179
       Searing Ray       |     2 |     9 |    20 ||    31
       Confuse           |       |     2 |     8 ||    10
  Use: Scroll            |       |       |     5 ||     5
       Potion            |       |       |     5 ||     5
 Stab: Confused          |       |       |     2 ||     2
  Eat: Chunk             |     3 |     8 |     9 ||    20
Armor: Robe              |     7 |    17 |    24 ||    48
       Leather armour    |       |     1 |       ||     1
       Skin              |       |       |     3 ||     3
Dodge: Dodged            |     7 |    33 |    57 ||    97
